 Dungeon Crawl Stone Soup version 0.20.1-1-g8b1a95d (webtiles) character file.

3962 Jannitor the Covert (level 10, -7/76 HPs)
             Began as a Demonspawn Enchanter on Sept 4, 2017.
             Was a Priest of Okawaru.
             Mangled by a warg (14 damage)
             ... on level 9 of the Dungeon on Sept 5, 2017.
             The game lasted 00:26:13 (11795 turns).

Jannitor the Covert (Demonspawn Enchanter)         Turns: 11795, Time: 00:26:14

Health: -7/76      AC:  4    Str: 11    XL:     10   Next: 2%
Magic:  3/13       EV: 12    Int: 20    God:    Okawaru [***...]
Gold:   24         SH:  0    Dex: 13    Spells: 1/13 levels left

rFire    . . .     SeeInvis +   a - +1 dagger
rCold    . . .     Gourm    .   (no shield)
rNeg     . . .     Faith    .   b - +0 robe
rPois    .         Spirit   .   (helmet restricted)
rElec    .         Reflect  .   (no cloak)
rCorr    +         Harm     .   (no gloves)
MR       .....                  (no boots)
Stlth    +++++.....             t - amulet of magic regeneration
Regen    0.3/turn               N - ring of resist corrosion
MPRegen  0.2/turn               u - ring of see invisible

@: hasted, drained, very quick
A: antennae 2, claws 1, icy blue scales 1, nightstalker 1, strong 1
a: Heroism, Renounce Religion


You were on level 9 of the Dungeon.
You worshipped Okawaru.
Okawaru was most pleased with you.
You were not hungry.

You visited 2 branches of the dungeon, and saw 10 of its levels.

You collected 407 gold pieces.
You spent 383 gold pieces at shops.

Inventory:

Hand Weapons
 a - a +1 dagger (weapon)
Missiles
 y - 21 poisoned needles
 D - 4 needles of sleeping
Armour
 b - a +0 robe (worn)
Jewellery
 t - an amulet of magic regeneration (around neck)
 u - a ring of see invisible (right claw)
 N - a ring of resist corrosion (left claw)
Wands
 f - a wand of confusion (28/48)
 o - a wand of lightning (10/15)
 B - a wand of random effects (12/48)
 H - a wand of random effects (23/48)
 I - a wand of lightning (9/15)
 L - a wand of paralysis (12/24)
Scrolls
 e - 8 scrolls of identify
 l - 2 scrolls of blinking {unknown}
 n - 2 scrolls of remove curse
 p - 5 scrolls of teleportation
 r - a scroll of enchant armour {unknown}
 s - a scroll of magic mapping {unknown}
 v - 2 scrolls of recharging
 w - a scroll of noise {unknown}
 x - 2 scrolls of enchant weapon {unknown}
 A - a scroll of immolation {unknown}
 F - 2 scrolls of acquirement {unknown}
 G - a scroll of summoning
Potions
 g - a potion of brilliance
 h - a potion of haste
 i - a potion of flight
 k - 2 potions of lignification
 m - 3 potions of might
 q - 2 potions of mutation
 E - a potion of magic
 K - a potion of degeneration {unknown}
Books
 c - a book of Maledictions

   Spells                             Type                      Level
   a - Corona                         Hexes                        1
   b - Ensorcelled Hibernation        Hexes/Ice                    2
   c - Confuse                        Hexes                        3
   d - Tukima's Dance                 Hexes                        3
   e - Dazzling Spray                 Conjuration/Hexes            3
 J - a book of Flames

   Spells                             Type                      Level
   a - Flame Tongue                   Conjuration/Fire             1
   b - Throw Flame                    Conjuration/Fire             2
   c - Conjure Flame                  Conjuration/Fire             3
   d - Inner Flame                    Hexes/Fire                   3
   e - Sticky Flame                   Conjuration/Fire             4
   f - Fireball                       Conjuration/Fire             5
Comestibles
 d - 4 bread rations
 j - 2 royal jellies
 C - 2 meat rations


   Skills:
 + Level 5.9(5.8) Fighting
 + Level 6.9(6.8) Short Blades
 - Level 1.7(1.6) Dodging
 + Level 8.1(8.0) Stealth
 + Level 2.2(2.1) Spellcasting
 + Level 8.1(8.0) Hexes


You had one spell level left.
You knew the following spells:

 Your Spells              Type           Power        Failure   Level  Hunger
a - Corona                Hex            ####...      1%          1    #......
b - Ensorcelled Hibernat  Hex/Ice        ###...       4%          2    ##.....
c - Confuse               Hex            ####....     1%          3    ###....
d - Tukima's Dance        Hex            ####....     1%          3    ###....
e - Dazzling Spray        Conj/Hex       ###...       9%          3    ###....


Dungeon Overview and Level Annotations

Branches:
Dungeon (9/15)             Temple (1/1) D:4            Lair (0/6) D:9
    Orc (0/2) D:9

Altars:
Ashenzari
Cheibriados
Dithmenos
Elyvilon
Fedhas
Gozag
Hepliaklqana
Kikubaaqudgha
Makhleb
Nemelex Xobeh
Okawaru
Qazlal
Ru
Sif Muna
Trog
Uskayaw
Vehumet
Xom
Yredelemnul
Zin
The Shining One

Shops:
D:6 ?   D:8 *   D:9 !

Annotations:
D:3 exclusion: 2 doors


Innate Abilities, Weirdness & Mutations

You have a pair of antennae on your head.
You are partially covered in icy blue scales. (AC +2)
You are slightly more attuned to the shadows.
You have sharp fingernails.
Your muscles are strong. (Str +2)


Message History

The warg is severely wounded.
The warg bites you!
* * * LOW HITPOINT WARNING * * *
You closely miss the warg.
The warg is severely wounded.
You hit the warg.
The warg is severely wounded.
You feel like a meek peon again. The warg closely misses you.
You hit the warg.
The warg is almost dead.
The warg bites you!
* * * LOW HITPOINT WARNING * * *
You feel better. The warg bites you!
* * * LOW HITPOINT WARNING * * *
Okay, then.
You feel better. The warg bites you.
* * * LOW HITPOINT WARNING * * *
You feel yourself speed up. The warg bites you!
You die...

#....# #..YY########
#####............
...............†.
##+###+#..Y......
####...<..#.........
#.........+.#######.
{ #.........#.# #.
#..@(.....#.# #.
#.h.......#.# #.
#.............#
######.
#..........####
.<..... #..........#
....... #..........#
.......
#............
.......
#............
....... .......


You could see a warg.

Vanquished Creatures
  The ghost of letownia the Insei, a novice OpTm (D:7)
  A hornet (D:9)
  2 yaks
  A hungry ghost (D:7)
  Menkaure (D:6)
  An orc warrior (D:7)
  A black bear (D:8)
  2 ice beasts
  4 ogres
  3 centaurs
  A crocodile (D:9)
  3 bullfrogs
  2 scorpions (D:9)
  4 wights
  2 howler monkeys
  4 crimson imps
  A centaur zombie (D:7)
  2 gnoll shamans (D:5)
  2 jellies
  3 orc wizards
  2 orc priests (D:5)
  6 hounds
  2 centaur skeletons (D:4)
  Jessica (D:2)
  An iguana (D:7)
  Terence (D:3)
  8 worker ants
  A hound zombie (D:5)
  A hound skeleton (D:8)
  11 gnolls
  4 adders
  2 shadow imps
  An adder skeleton (D:4)
  2 adder zombies
  2 worms
  3 dart slugs
  6 leopard geckos
  20 orcs
  4 ball pythons
  5 giant cockroaches
  6 goblins
  7 hobgoblins
  14 jackals
  8 kobolds
  A quokka (D:9)
  4 bats
  3 frilled lizards
  A giant cockroach zombie (D:5)
  A leopard gecko skeleton (D:4)
  6 rats
175 creatures vanquished.

Vanquished Creatures (collateral kills)
  A gnoll sergeant (D:7)
  2 gnolls
  An orc (D:7)
4 creatures vanquished.

Vanquished Creatures (others)
  2 dancing weapons
  A quokka (D:8)
3 creatures vanquished.

Grand Total: 182 creatures vanquished

Notes
Turn   | Place    | Note
-------+----------+-------------------------------------------
     0 | D:1      | Jannitor the Demonspawn Enchanter began the quest for the Orb.
     0 | D:1      | Reached XP level 1. HP: 13/13 MP: 3/3
   181 | D:1      | Reached skill level 1 in Short Blades
   369 | D:1      | Gained mutation: You are partially covered in icy blue scales. (AC +2) [demonic ancestry]
   369 | D:1      | Reached XP level 2. HP: 11/19 MP: 5/5
   837 | D:1      | Learned a level 2 spell: Ensorcelled Hibernation
  1324 | D:2      | Noticed Jessica
  1335 | D:2      | Killed Jessica
  1335 | D:2      | Reached XP level 3. HP: 24/24 MP: 3/6
  2280 | D:3      | Found a white marble altar of Elyvilon.
  2281 | D:3      | Found a snail-covered altar of Cheibriados.
  2282 | D:3      | Found a basalt altar of Yredelemnul.
  2282 | D:3      | Found a shattered altar of Ashenzari.
  2284 | D:3      | Found a bloodstained altar of Trog.
  2418 | D:3      | Noticed Terence
  2424 | D:3      | Killed Terence
  2424 | D:3      | Reached XP level 4. HP: 29/30 MP: 4/7
  3294 | D:4      | Reached XP level 5. HP: 31/35 MP: 5/8
  3754 | D:4      | Found a staircase to the Ecumenical Temple.
  3804 | Temple   | Entered the Ecumenical Temple
  3839 | Temple   | Became a worshipper of Warmaster Okawaru
  3989 | D:4      | Gained mutation: You have sharp fingernails. [potion of mutation]
  3989 | D:4      | Gained mutation: Your muscles are strong. (Str +2) [potion of mutation]
  4020 | D:4      | HP: 1/35 [centaur skeleton (3)]
  4183 | D:4      | Gained mutation: You have a pair of small antennae on your head. [demonic ancestry]
  4183 | D:4      | Reached XP level 6. HP: 19/41 MP: 0/9
  4188 | D:4      | Learned a level 3 spell: Confuse
  4414 | D:4      | Found a burning altar of Makhleb.
  4431 | D:5      | Entered Level 5 of the Dungeon
  4497 | D:5      | Noticed an ice beast
  4527 | D:5      | Killed an ice beast
  4527 | D:5      | Reached skill level 5 in Stealth
  4946 | D:5      | Reached skill level 5 in Hexes
  5001 | D:5      | Reached * piety under Okawaru
  5001 | D:5      | Gained mutation: You are slightly more attuned to the shadows. [demonic ancestry]
  5001 | D:5      | Reached XP level 7. HP: 33/46 MP: 1/10
  5865 | D:4      | Reached skill level 1 in Fighting
  5873 | D:4      | Learned a level 3 spell: Tukima's Dance
  6887 | D:4      | Gained mutation: You have a pair of antennae on your head. [demonic ancestry]
  6887 | D:4      | Reached XP level 8. HP: 48/56 MP: 8/11
  7292 | D:6      | Noticed Menkaure
  7302 | D:6      | Killed Menkaure
  7426 | D:6      | Reached skill level 5 in Short Blades
  7490 | D:6      | Found Kezxumil's Magic Scroll Shop.
  7497 | D:6      | Bought a scroll of summoning for 104 gold pieces
  7497 | D:6      | Bought 3 scrolls of identify for 66 gold pieces
  7497 | D:6      | Bought a scroll of teleportation for 33 gold pieces
  8135 | D:7      | Found a bloodstained altar of Trog.
  8139 | D:7      | Noticed letownia's ghost (novice OpTm)
  8148 | D:7      | Reached ** piety under Okawaru
  8256 | D:7      | Killed letownia's ghost
  8256 | D:7      | Reached XP level 9. HP: 55/65 MP: 10/12
  8512 | D:7      | Reached *** piety under Okawaru
  9051 | D:7      | Reached skill level 5 in Fighting
  9318 | D:8      | Found Bonie's Demolitions Depot.
 11038 | D:9      | Reached **** piety under Okawaru
 11061 | D:9      | Found a staircase to the Orcish Mines.
 11063 | D:9      | Found Boosmy's Distillery.
 11068 | D:9      | Bought a potion of curing for 36 gold pieces
 11068 | D:9      | Bought a potion of might for 48 gold pieces
 11068 | D:9      | Bought a potion of lignification for 36 gold pieces
 11068 | D:9      | Bought a potion of heal wounds for 60 gold pieces
 11081 | D:9      | Found a hide-covered altar of Uskayaw.
 11081 | D:9      | Found a glowing golden altar of the Shining One.
 11377 | D:9      | Learned a level 3 spell: Dazzling Spray
 11415 | D:9      | Reached XP level 10. HP: 73/76 MP: 10/13
 11431 | D:9      | Noticed a death yak
 11433 | D:9      | Found a staircase to the Lair.
 11433 | D:9      | Noticed a death yak
 11436 | D:9      | Noticed a death yak
 11436 | D:9      | Noticed a death yak
 11437 | D:9      | Noticed a death yak
 11437 | D:9      | Noticed a death yak
 11792 | D:9      | HP: 3/76 [warg (12)]
 11795 | D:9      | Mangled by a warg

Skill      XL: |  1  2  3  4  5  6  7  8  9 |
---------------+----------------------------+-----
Short Blades   | 1 2 3 4 5 6 |  6.9
Stealth        | 3 4 5 7 8 |  8.1
Hexes          | 4 5 6 8 |  8.1
Fighting       | 2 4 5 |  5.9
Dodging        | |  1.7
Spellcasting   | |  2.2

Action                   |  1- 3 |  4- 6 |  7- 9 | 10-12 || total
-------------------------+-------+-------+-------+-------++-------
Melee: Dagger            |   141 |   146 |   459 |    33 ||   779
 Cast: Ensorcelled Hiber |     5 |    47 |    68 |     2 ||   122
       Confuse           |       |     1 |    29 |     7 ||    37
       Tukima's Dance    |       |       |     8 |       ||     8
Invok: Heroism           |       |       |     2 |     1 ||     3
  Use: Potion            |       |     8 |     3 |     4 ||    15
       Scroll            |       |       |     4 |       ||     4
 Stab: Sleeping          |    16 |    30 |    54 |       ||   100
       Invisible         |       |     1 |       |       ||     1
       Distracted        |       |     2 |     1 |     1 ||     4
       Confused          |       |     2 |    21 |     1 ||    24
  Eat: Chunk             |     5 |     7 |    21 |       ||    33
       Bread ration      |       |     1 |     2 |       ||     3
       Royal jelly       |       |       |     1 |       ||     1
Armor: Robe              |    43 |    34 |    60 |     2 ||   139
Dodge: Dodged            |    79 |   105 |   191 |    13 ||   388
